[Event "Niedersachsen-ch A 2024"]
[Site "Verden Aller"]
[Date "2024.01.06"]
[Round "6.11"]
[White "Kieselbach, Jannik"]
[Black "Bulygin, Anton"]
[Result "1-0"]
[ECO "C41"]
[WhiteElo "1885"]
[BlackElo "2040"]
[Annotator "NA RC"]
[PlyCount "101"]
[EventDate "2024.01.01"]
[EventType "swiss"]
[EventCountry "GER"]
[SourceTitle "playchess.com"]
[Source "ChessBase"]
[SourceQuality "1"]
[TimeControl "40/5400+30:1800+30"]

1. e4 d6 2. d4 Nf6 3. Nc3 Nbd7 4. Nf3 e5 5. Bc4 Be7 6. O-O O-O 7. Re1 c6 8. a4 a5 9. h3 h6 10. Be3 Qc7 11. Qd2 exd4 12. Nxd4 Ne5 13. Ba2 Kh7 14. f4 Ng6 15. g4 c5 16. Nf5 Be6 17. Nb5 Qc6 18. Nxe7 Nxe7 19. Qxd6 Bxa2 20. Rxa2 Qxd6 21. Nxd6 b6 22. Raa1 Kg8 23. Rad1 Rad8 24. Kg2 Rd7 25. Rd2 Rfd8 26. Red1 Kf8 27. Kf3 Nc8 28. Nxc8 Rxd2 29. Rxd2 Rxc8 30. e5 Ne8 31. c3 Ke7 32. Ke4 f6 33. Bf2 Rc6 34. Bh4 g5 35. fxg5 hxg5 36. Bg3 Re6 37. Kf5 Ng7+ 38. Kg6 Ne8 39. Re2 fxe5+ 40. Kxg5 e4 41. Kf5 Nf6 42. Bh4 e3 43. Bg5 Kf7 44. Rxe3 Rd6 45. Bxf6 Rxf6+ 46. Ke4 Re6+ 47. Kd3 Rd6+ 48. Kc4 Rd2 49. b3 Rb2 50. Rf3+ Kg7 51. Rd3 1-0

[Event "Niedersachsen-ch A 2024"]
[Site "Verden Aller"]
[Date "2024.01.06"]
[Round "6.12"]
[White "Hoke, Joshua"]
[Black "Martin, Dennis"]
[Result "0-1"]
[ECO "B33"]
[WhiteElo "1600"]
[BlackElo "1991"]
[Annotator "NA"]
[PlyCount "172"]
[EventDate "2024.01.01"]
[EventType "swiss"]
[EventCountry "GER"]
[SourceTitle "playchess.com"]
[Source "ChessBase"]
[SourceQuality "1"]
[TimeControl "40/5400+30:1800+30"]

1. e4 c5 2. Nf3 Nc6 3. d4 cxd4 4. Nxd4 Nf6 5. Nc3 e5 6. Ndb5 d6 7. Bg5 a6 8. Na3 b5 9. Nd5 Be7 10. Bxf6 Bxf6 11. c3 O-O 12. Nc2 Bg5 13. a4 bxa4 14. Rxa4 a5 15. b4 Be6 16. b5 Ne7 17. Nce3 Bxe3 18. Nxe3 Qc7 19. c4 Nc8 20. Qd3 Nb6 21. Ra1 Rfc8 22. Rc1 Qc5 23. Be2 Qb4+ 24. Qc3 Rc5 25. O-O Rac8 26. Qxb4 axb4 27. Rb1 Bxc4 28. Nxc4 Nxc4 29. Rxb4 Nb6 30. g3 Kf8 31. Kg2 Ke7 32. Ra1 R8c7 33. Ra6 Rb7 34. Rb1 Kd7 35. f4 Kc7 36. Rb2 Kb8 37. Kf2 Nc8 38. h4 Rb6 39. Rba2 Kc7 40. Kf3 Rc3+ 41. Kf2 Rb7 42. Rd2 Nb6 43. Kg2 g6 44. h5 Nc8 45. hxg6 hxg6 46. Kf2 Rb6 47. Rd5 f6 48. Rd1 Rc2 49. Kf3 Kb7 50. Rda1 Rc3+ 51. Kf2 f5 52. exf5 gxf5 53. fxe5 dxe5 54. Rh1 Rc7 55. Rh5 Nd6 56. Rxb6+ Kxb6 57. Rh6 Kc5 58. Rg6 Rf7 59. Rg8 Rb7 60. Rg6 Rb6 61. Rg8 Kd5 62. Ke3 Nxb5 63. Bxb5 Rxb5 64. Rd8+ Ke6 65. Rd3 Rb4 66. Ra3 Kf6 67. Kf3 Rd4 68. Rb3 Rc4 69. Ra3 Kg5 70. Ra8 Rc3+ 71. Kf2 Rc2+ 72. Ke3 Rc6 73. Kf3 e4+ 74. Kf2 Rc2+ 75. Ke3 Kg4 76. Rg8+ Kh3 77. Rg5 Rc3+ 78. Kf2 Rf3+ 79. Ke2 Kg2 80. Ke1 Rf2 81. Kd1 Kf1 82. Rh5 e3 83. Rh1+ Kg2 84. Re1 Kf3 85. Rg1 e2+ 86. Ke1 Rf1+ 0-1

[Event "Niedersachsen-ch A 2024"]
[Site "Verden Aller"]
[Date "2024.01.06"]
[Round "6.13"]
[White "Weigand, Anton"]
[Black "Harms, Friedjof"]
[Result "1/2-1/2"]
[ECO "C65"]
[WhiteElo "2013"]
[BlackElo "1844"]
[Annotator "NA RC"]
[PlyCount "61"]
[EventDate "2024.01.01"]
[EventType "swiss"]
[EventCountry "GER"]
[SourceTitle "playchess.com"]
[Source "ChessBase"]
[SourceQuality "1"]
[TimeControl "40/5400+30:1800+30"]

1. e4 e5 2. Nf3 Nc6 3. Bb5 Bc5 4. c3 Nf6 5. d4 exd4 6. O-O Nxe4 7. cxd4 Bb6 8. d5 Ne7 9. Qe2 Nxf2 10. Rxf2 Bxf2+ 11. Qxf2 Nxd5 12. Nc3 Nxc3 13. Bg5 f6 14. Re1+ Kf8 15. bxc3 c6 16. Bd3 d6 17. Bf4 g6 18. Qg3 Kf7 19. Bxd6 Re8 20. Bc4+ Kg7 21. Rd1 Qa5 22. h4 Qxc3 23. Bb3 Bf5 24. Nd4 Qxg3 25. Nxf5+ gxf5 26. Bxg3 Rad8 27. Rf1 Rd3 28. Bc7 Rd2 29. Ba5 Rd4 30. Rxf5 Re5 31. Bc3 1/2-1/2

[Event "Niedersachsen-ch A 2024"]
[Site "Verden Aller"]
[Date "2024.01.06"]
[Round "6.14"]
[White "Moeller, Jonas"]
[Black "Miljkovic, Jovana"]
[Result "1/2-1/2"]
[ECO "B81"]
[WhiteElo "1836"]
[BlackElo "2035"]
[Annotator "NA RC"]
[PlyCount "68"]
[EventDate "2024.01.01"]
[EventType "swiss"]
[EventCountry "GER"]
[SourceTitle "playchess.com"]
[Source "ChessBase"]
[SourceQuality "1"]
[TimeControl "40/5400+30:1800+30"]

1. e4 c5 2. Nf3 d6 3. d4 cxd4 4. Nxd4 Nf6 5. Nc3 a6 6. h3 e6 7. g4 Be7 8. g5 Nfd7 9. Be3 Nc6 10. h4 Qc7 11. Qe2 b5 12. Nxc6 Qxc6 13. a3 Rb8 14. f4 b4 15. axb4 Rxb4 16. Bc1 Nb6 17. Bg2 Bb7 18. O-O O-O 19. Nd1 d5 20. c3 Rb5 21. Nf2 Qc7 22. Nd3 Qc4 23. Re1 Rd8 24. Nf2 a5 25. Be3 Qxe2 26. Rxe2 Nc4 27. Bc1 dxe4 28. Bxe4 Bxe4 29. Nxe4 Rd1+ 30. Kg2 Bd8 31. Nf2 Rd7 32. Ra4 Nb6 33. Rae4 Bc7 34. Kf3 h6 1/2-1/2

[Event "Niedersachsen-ch A 2024"]
[Site "Verden Aller"]
[Date "2024.01.06"]
[Round "6.15"]
[White "Trunz, Michelle"]
[Black "Buecklers, Martin"]
[Result "1-0"]
[ECO "A42"]
[WhiteElo "2023"]
[BlackElo "1877"]
[Annotator "NA RC"]
[PlyCount "63"]
[EventDate "2024.01.01"]
[EventType "swiss"]
[EventCountry "GER"]
[SourceTitle "playchess.com"]
[Source "ChessBase"]
[SourceQuality "1"]
[TimeControl "40/5400+30:1800+30"]

1. d4 g6 2. c4 Bg7 3. Nc3 d6 4. e4 e5 5. d5 f5 6. Bd3 Nf6 7. h4 Na6 8. h5 f4 9. hxg6 hxg6 10. Rxh8+ Bxh8 11. g3 fxg3 12. fxg3 Bg4 13. Be2 Qd7 14. Be3 Bxe2 15. Ngxe2 Qg4 16. Qb3 Nxe4 17. Qxb7 Rb8 18. Qc6+ Ke7 19. O-O-O Nxg3 20. Nxg3 Qxg3 21. Bxa7 Qf4+ 22. Kb1 Qf5+ 23. Ka1 Nb4 24. Qxc7+ Kf6 25. Qxd6+ Kg5 26. Rg1+ Kh5 27. a3 Nc2+ 28. Ka2 Rf8 29. Ne2 Qf3 30. Qxg6+ Kh4 31. Bf2+ Qxf2 32. Qg4# 1-0

[Event "Niedersachsen-ch A 2024"]
[Site "Verden Aller"]
[Date "2024.01.06"]
[Round "6.16"]
[White "Stoy, Ulf"]
[Black "Aden, Dagmar"]
[Result "1/2-1/2"]
[ECO "A25"]
[WhiteElo "1985"]
[BlackElo "1766"]
[Annotator "NA RC"]
[PlyCount "153"]
[EventDate "2024.01.01"]
[EventType "swiss"]
[EventCountry "GER"]
[SourceTitle "playchess.com"]
[Source "ChessBase"]
[SourceQuality "1"]
[TimeControl "40/5400+30:1800+30"]

1. c4 Nf6 2. g3 g6 3. Bg2 Bg7 4. Nc3 d6 5. e4 e5 6. Nge2 Nc6 7. O-O Be6 8. Nd5 Ne7 9. d4 Nfxd5 10. cxd5 Bd7 11. dxe5 Bxe5 12. Bh6 Ng8 13. Be3 Bg7 14. Qd2 Nf6 15. Rac1 O-O 16. f4 Ng4 17. Bd4 Bxd4+ 18. Qxd4 c5 19. dxc6 Bxc6 20. h3 Nf6 21. Nc3 Nd7 22. Rcd1 Re8 23. Qxd6 Qb6+ 24. Rf2 Rad8 25. Nd5 Bxd5 26. Qxb6 Nxb6 27. exd5 Rd6 28. b3 Red8 29. Rc2 R6d7 30. Rcd2 Rd6 31. Rd4 Rc8 32. R1d2 Kf8 33. g4 f6 34. g5 Kf7 35. h4 f5 36. Bf3 Rc3 37. Kf2 Rc5 38. Kg3 Rc3 39. R4d3 Rc5 40. h5 a5 41. hxg6+ hxg6 42. Rh2 Kg7 43. Re2 Kf7 44. Rde3 Rc7 45. Re6 Rcd7 46. Rxd6 Rxd6 47. Re6 Rxe6 48. dxe6+ Kxe6 49. Bxb7 Kd6 50. Kf3 Kc7 51. Ba6 Kd6 52. a3 Kc5 53. Be2 Kd4 54. b4 axb4 55. axb4 Nd5 56. Bb5 Nc7 57. Bd7 Kc4 58. b5 Nxb5 59. Be8 Nd6 60. Bxg6 Kd5 61. Bh7 Ke6 62. Bg8+ Ke7 63. Bb3 Kf8 64. Ke3 Kg7 65. Kd4 Kg6 66. Ke5 Ne4 67. Bc2 Nxg5 68. Bxf5+ Kh6 69. Kf6 Nf3 70. Bc2 Nh4 71. Kf7 Kh5 72. Bd1+ Kh6 73. Bg4 Ng6 74. f5 Ne5+ 75. Ke7 Nxg4 76. f6 Nxf6 77. Kxf6 1/2-1/2

[Event "Niedersachsen-ch A 2024"]
[Site "Verden Aller"]
[Date "2024.01.06"]
[Round "6.17"]
[White "Reins, Henning"]
[Black "Kelemen, Alexander"]
[Result "0-1"]
[ECO "B20"]
[WhiteElo "1950"]
[BlackElo "1817"]
[Annotator "NA RC"]
[PlyCount "50"]
[EventDate "2024.01.01"]
[EventType "swiss"]
[EventCountry "GER"]
[SourceTitle "playchess.com"]
[Source "ChessBase"]
[SourceQuality "1"]
[TimeControl "40/5400+30:1800+30"]

1. e4 c5 2. b3 d6 3. Bb2 Nf6 4. Nc3 Nc6 5. f4 g6 6. Bb5 Bd7 7. e5 dxe5 8. fxe5 Nxe5 9. Qe2 Qb6 10. Qxe5 Bxb5 11. Nd5 Nxd5 12. Qxh8 f6 13. Qxh7 Qe6+ 14. Kd1 Qg4+ 15. Nf3 Qxg2 16. Rg1 Qxf3+ 17. Kc1 Nf4 18. Re1 Qf2 19. Rd1 Be2 20. c4 Bxd1 21. Kxd1 Qf1+ 22. Kc2 Qd3+ 23. Kd1 O-O-O 24. Bc1 Ne2 25. Ke1 Nxc1 0-1

[Event "Niedersachsen-ch A 2024"]
[Site "Verden Aller"]
[Date "2024.01.06"]
[Round "6.18"]
[White "ter Stal, Lars"]
[Black "Ehlert, Horst"]
[Result "1/2-1/2"]
[ECO "B41"]
[WhiteElo "1770"]
[BlackElo "1940"]
[Annotator "NA RC"]
[PlyCount "28"]
[EventDate "2024.01.01"]
[EventType "swiss"]
[EventCountry "GER"]
[SourceTitle "playchess.com"]
[Source "ChessBase"]
[SourceQuality "1"]
[TimeControl "40/5400+30:1800+30"]

1. e4 c5 2. Nf3 e6 3. d4 cxd4 4. Nxd4 a6 5. Be2 Nf6 6. Qd3 Qc7 7. O-O Nc6 8. Nxc6 dxc6 9. Be3 e5 10. c4 Be6 11. c5 Be7 12. Nd2 O-O 13. f3 Nh5 14. Qc3 Rad8 1/2-1/2

[Event "Niedersachsen-ch A 2024"]
[Site "Verden Aller"]
[Date "2024.01.06"]
[Round "6.19"]
[White "Stein, Luis"]
[Black "Gottschalk, Siegfried"]
[Result "1/2-1/2"]
[ECO "C00"]
[WhiteElo "1762"]
[BlackElo "1939"]
[Annotator "NA RC"]
[PlyCount "109"]
[EventDate "2024.01.01"]
[EventType "swiss"]
[EventCountry "GER"]
[SourceTitle "playchess.com"]
[Source "ChessBase"]
[SourceQuality "1"]
[TimeControl "40/5400+30:1800+30"]

1. e4 e6 2. c4 d5 3. cxd5 exd5 4. exd5 Nf6 5. Bb5+ Nbd7 6. d4 Be7 7. Nc3 O-O 8. Nf3 Nb6 9. Qc2 Nbxd5 10. a3 c6 11. Bd3 Re8 12. O-O Bg4 13. Ne5 Be6 14. Bg5 h6 15. Bh4 Nf4 16. Rad1 Nxd3 17. Qxd3 Bd5 18. Bg3 Nh5 19. Nxd5 Qxd5 20. Qf5 Nxg3 21. fxg3 f6 22. Ng6 Qxf5 23. Nxe7+ Rxe7 24. Rxf5 Rd8 25. Rf2 Kf7 26. Rfd2 Ke6 27. Re1+ Kd6 28. Rxe7 Kxe7 29. Kf2 Kd6 30. Ke3 Re8+ 31. Kd3 Re1 32. h3 f5 33. Rf2 Ke6 34. g4 fxg4 35. hxg4 Ke7 36. Rf4 Re6 37. Rf3 Rf6 38. Re3+ Kd7 39. Rg3 g5 40. Rf3 Rxf3+ 41. gxf3 Kd6 42. Ke4 Ke6 43. b4 b6 44. a4 Kd6 45. b5 c5 46. dxc5+ Kxc5 47. Kf5 Kb4 48. Kg6 Kxa4 49. Kxh6 Kxb5 50. Kxg5 a5 51. f4 a4 52. f5 a3 53. f6 a2 54. f7 a1=Q 55. f8=Q 1/2-1/2

[Event "Niedersachsen-ch A 2024"]
[Site "Verden Aller"]
[Date "2024.01.06"]
[Round "6.20"]
[White "Moeller, Tom"]
[Black "Heirich, Andreas"]
[Result "1/2-1/2"]
[ECO "A45"]
[WhiteElo "1677"]
[BlackElo "1925"]
[Annotator "NA RC"]
[PlyCount "47"]
[EventDate "2024.01.01"]
[EventType "swiss"]
[EventCountry "GER"]
[SourceTitle "playchess.com"]
[Source "ChessBase"]
[SourceQuality "1"]
[TimeControl "40/5400+30:1800+30"]

1. d4 Nf6 2. Nc3 g6 3. Bf4 Bg7 4. Qd2 O-O 5. Bh6 d6 6. h4 e5 7. Bxg7 Kxg7 8. d5 Bf5 9. f3 Bd7 10. e4 h5 11. g3 Nh7 12. Bh3 f5 13. O-O-O Qf6 14. Rf1 f4 15. Bxd7 Nxd7 16. Nge2 fxg3 17. Rhg1 Kf7 18. f4 Ke7 19. Rxg3 Rg8 20. Rgf3 Qxh4 21. fxe5 Nxe5 22. Rf4 Qh2 23. R4f2 Qh4 24. Rf4 1/2-1/2

[Event "Niedersachsen-ch A 2024"]
[Site "Verden Aller"]
[Date "2024.01.06"]
[Round "6.21"]
[White "Seer, Maurice"]
[Black "Carsten, Juergen"]
[Result "1-0"]
[ECO "C65"]
[WhiteElo "1912"]
[BlackElo "1749"]
[Annotator "NA RC"]
[PlyCount "105"]
[EventDate "2024.01.01"]
[EventType "swiss"]
[EventCountry "GER"]
[SourceTitle "playchess.com"]
[Source "ChessBase"]
[SourceQuality "1"]
[TimeControl "40/5400+30:1800+30"]

1. e4 e5 2. Nf3 Nc6 3. Bb5 Nf6 4. O-O Be7 5. Re1 O-O 6. Bxc6 dxc6 7. Nxe5 Bc5 8. Nf3 Bg4 9. c3 Qd3 10. Qe2 Rad8 11. Qxd3 Rxd3 12. Ne5 Rdd8 13. d4 Bb6 14. Nxg4 Nxg4 15. h3 Nf6 16. Bg5 Rde8 17. Bxf6 gxf6 18. Nd2 a6 19. Nf3 c5 20. d5 c6 21. c4 Bc7 22. Rad1 Ba5 23. Re2 Rd8 24. Kf1 h5 25. Nh4 Rfe8 26. Nf5 Kh7 27. f4 Rd7 28. Rd3 cxd5 29. exd5 Red8 30. g4 Kg6 31. Rde3 Bc7 32. Rf3 Bd6 33. Nxd6 Rxd6 34. Rfe3 b5 35. b3 R8d7 36. Kg2 h4 37. Re8 Kg7 38. Rc8 bxc4 39. bxc4 Rd8 40. Rxc5 Rb6 41. Rd2 Kf8 42. Rc7 Rbd6 43. Kf3 a5 44. f5 Kg7 45. Kf4 Kh6 46. Rxf7 Rg8 47. c5 Rgd8 48. cxd6 Rxd6 49. Rxf6+ Rxf6 50. g5+ Kh5 51. gxf6 Kh6 52. d6 Kh5 53. d7 1-0

[Event "Niedersachsen-ch A 2024"]
[Site "Verden Aller"]
[Date "2024.01.06"]
[Round "6.22"]
[White "Ay, Furkan"]
[Black "Langer, Michael S."]
[Result "1-0"]
[ECO "B12"]
[WhiteElo "1544"]
[BlackElo "1888"]
[Annotator "NA RC"]
[PlyCount "75"]
[EventDate "2024.01.01"]
[EventType "swiss"]
[EventCountry "GER"]
[SourceTitle "playchess.com"]
[Source "ChessBase"]
[SourceQuality "1"]
[TimeControl "40/5400+30:1800+30"]

1. e4 c6 2. d4 d5 3. f3 e6 4. Nc3 Bb4 5. Bd2 Bxc3 6. Bxc3 Nf6 7. Bd3 a5 8. Nh3 b6 9. Bd2 dxe4 10. fxe4 Qxd4 11. Qf3 e5 12. Bc3 Qc5 13. a3 Bg4 14. Qg3 Nbd7 15. Nf2 Be6 16. O-O O-O 17. Be2 Nxe4 18. Qd3 Nxc3 19. bxc3 b5 20. Kh1 f5 21. Qd2 Bd5 22. Nd3 Qe7 23. Rfe1 Qf6 24. Rab1 Qg6 25. Bf3 Bxf3 26. gxf3 Rad8 27. Rg1 Qf6 28. Rg2 Nc5 29. Rbg1 Rf7 30. Qe3 Nxd3 31. cxd3 Qd6 32. h4 f4 33. Qe2 Re7 34. Qe4 Qxd3 35. Qxc6 Qd5 36. Qf6 Rdd7 37. h5 Qe6 38. Rxg7+ 1-0

[Event "Niedersachsen-ch A 2024"]
[Site "Verden Aller"]
[Date "2024.01.06"]
[Round "6.23"]
[White "Schramm, Kilian"]
[Black "Kiesel, Harald"]
[Result "0-1"]
[ECO "C00"]
[WhiteElo "1729"]
[BlackElo "1975"]
[Annotator "NA RC"]
[PlyCount "93"]
[EventDate "2024.01.01"]
[EventType "swiss"]
[EventCountry "GER"]
[SourceTitle "playchess.com"]
[Source "ChessBase"]
[SourceQuality "1"]
[TimeControl "40/5400+30:1800+30"]

1. e4 e6 2. d3 d5 3. Nd2 Nf6 4. Ngf3 Be7 5. g3 c5 6. Bg2 O-O 7. O-O Nc6 8. Re1 b5 9. Qe2 a5 10. e5 Nd7 11. h4 Ba6 12. Nf1 Qc7 13. g4 Rfc8 14. h5 Nd4 15. Nxd4 cxd4 16. Bd2 b4 17. Rac1 a4 18. g5 Qd8 19. Qg4 Nf8 20. h6 g6 21. Qxd4 Bxg5 22. Qxb4 Rcb8 23. Qc3 Bxd2 24. Nxd2 Qh4 25. b3 Rc8 26. Qb2 Qxh6 27. c4 a3 28. Qc3 d4 29. Qc2 Rab8 30. Re4 Bb7 31. Rg4 Qh5 32. Rxd4 Qxe5 33. Rg4 h5 34. Bxb7 hxg4 35. Bxc8 Rxc8 36. Qc3 Qf4 37. Ne4 Nd7 38. b4 f5 39. Ng3 Ne5 40. b5 Nxd3 41. Rc2 Ne5 42. c5 Rd8 43. Kf1 Rd3 44. Qxd3 Nxd3 45. c6 Qc7 46. b6 Qxb6 47. c7 0-1

[Event "Niedersachsen-ch A 2024"]
[Site "Verden Aller"]
[Date "2024.01.06"]
[Round "6.24"]
[White "Lehmkuhl, Stefan"]
[Black "Kieselbach, Marvin"]
[Result "1/2-1/2"]
[ECO "A13"]
[WhiteElo "1839"]
[BlackElo "1926"]
[Annotator "NA RC"]
[PlyCount "28"]
[EventDate "2024.01.01"]
[EventType "swiss"]
[EventCountry "GER"]
[SourceTitle "playchess.com"]
[Source "ChessBase"]
[SourceQuality "1"]
[TimeControl "40/5400+30:1800+30"]

1. c4 e6 2. e3 d5 3. a3 Nf6 4. Qc2 Be7 5. Nf3 O-O 6. b3 c5 7. Bb2 b6 8. Be2 Bb7 9. O-O Nc6 10. Nc3 Rc8 11. Rfd1 d4 12. exd4 cxd4 13. Ne4 Na5 14. Ng3 Nc6 1/2-1/2

[Event "Niedersachsen-ch A 2024"]
[Site "Verden Aller"]
[Date "2024.01.06"]
[Round "6.25"]
[White "Bisa, Gani"]
[Black "Monnerjahn, Lukas"]
[Result "0-1"]
[ECO "E01"]
[WhiteElo "1931"]
[BlackElo "1856"]
[Annotator "NA"]
[PlyCount "136"]
[EventDate "2024.01.01"]
[EventType "swiss"]
[EventCountry "GER"]
[SourceTitle "playchess.com"]
[Source "ChessBase"]
[SourceQuality "1"]
[TimeControl "40/5400+30:1800+30"]

1. d4 d5 2. c4 e6 3. Nf3 Nf6 4. Nc3 c6 5. g3 dxc4 6. a4 Bb4 7. Bg2 Nbd7 8. O-O O-O 9. Qc2 a5 10. Bg5 h6 11. Bxf6 Nxf6 12. e4 b6 13. Rfd1 Bb7 14. Ne5 Qc7 15. Nxc4 Rfd8 16. Ne3 Rd7 17. Rac1 Qd8 18. Ne2 Rc8 19. b3 Ba6 20. Nc4 b5 21. Ne5 Rd6 22. Qd3 Qb6 23. h3 bxa4 24. Nc4 Bxc4 25. bxc4 Rdd8 26. e5 Nd7 27. Qe3 a3 28. Ra1 Nf8 29. Rdb1 Qa6 30. Qb3 c5 31. dxc5 Rxc5 32. Rc1 Rxe5 33. Bf1 Rc5 34. Nc3 Qc8 35. Nb5 Nd7 36. Rd1 Ne5 37. Rxd8+ Qxd8 38. Rd1 Qb6 39. Nxa3 Rc8 40. Nc2 Rb8 41. g4 Qc7 42. Qg3 Bd6 43. Qe3 a4 44. Kh1 Rb3 45. Qe4 Bc5 46. f4 Ng6 47. Nd4 Rb2 48. Ne2 a3 49. f5 exf5 50. Qxf5 Qc6+ 51. Bg2 Qxg2+ 52. Kxg2 Nh4+ 53. Kf1 Nxf5 54. gxf5 a2 55. Nc3 Bb4 56. Nxa2 Rxa2 57. Rd5 Kf8 58. Rb5 Bd6 59. c5 Bg3 60. c6 Rc2 61. Rb6 Ke7 62. Rb7+ Kf6 63. Rb6 Kxf5 64. Rb3 Be5 65. Rb6 h5 66. Ke1 g5 67. Kd1 Rc3 68. Kd2 f6 0-1

[Event "Niedersachsen-ch A 2024"]
[Site "Verden Aller"]
[Date "2024.01.06"]
[Round "6.26"]
[White "Moerke, Niklas"]
[Black "Hesse, Juergen"]
[Result "0-1"]
[ECO "C57"]
[WhiteElo "1800"]
[BlackElo "1931"]
[Annotator "NA RC"]
[PlyCount "68"]
[EventDate "2024.01.01"]
[EventType "swiss"]
[EventCountry "GER"]
[SourceTitle "playchess.com"]
[Source "ChessBase"]
[SourceQuality "1"]
[TimeControl "40/5400+30:1800+30"]

1. e4 e5 2. Nf3 Nc6 3. Bc4 Nf6 4. Ng5 d5 5. exd5 b5 6. Bf1 Nd4 7. c3 Nxd5 8. Nxf7 Kxf7 9. cxd4 exd4 10. Qf3+ Kg8 11. Bxb5 Qe7+ 12. Be2 Be6 13. O-O Rd8 14. Na3 Qd7 15. Nc4 Nf6 16. h3 d3 17. Ne5 dxe2 18. Nxd7 exf1=Q+ 19. Kxf1 Rxd7 20. d3 Kf7 21. Bg5 Be7 22. b3 Rhd8 23. Bxf6 Bxf6 24. Qh5+ Kg8 25. Rd1 Bd4 26. Re1 Bf7 27. Qg4 Bb6 28. Rd1 Rd4 29. Qf5 Bg6 30. Qe6+ Kh8 31. Re1 Rxd3 32. h4 Rd2 33. Qe7 Rxf2+ 34. Kg1 Re2+ 0-1

[Event "Niedersachsen-ch A 2024"]
[Site "Verden Aller"]
[Date "2024.01.06"]
[Round "6.27"]
[White "Thomas, Jeremy"]
[Black "Burnus, Finn Crispin"]
[Result "0-1"]
[ECO "C47"]
[WhiteElo "1893"]
[BlackElo "1655"]
[Annotator "NA RC"]
[PlyCount "80"]
[EventDate "2024.01.01"]
[EventType "swiss"]
[EventCountry "GER"]
[SourceTitle "playchess.com"]
[Source "ChessBase"]
[SourceQuality "1"]
[TimeControl "40/5400+30:1800+30"]

1. e4 e5 2. Nf3 Nc6 3. Nc3 Nf6 4. d4 exd4 5. Nxd4 Bb4 6. Nxc6 bxc6 7. Bd3 O-O 8. O-O d5 9. exd5 cxd5 10. Bg5 c6 11. Qf3 h6 12. Bxf6 Qxf6 13. Qxf6 gxf6 14. Ne2 Bd6 15. Ng3 Re8 16. c3 Bxg3 17. hxg3 Bg4 18. Rfe1 Bh5 19. Ba6 Re6 20. b4 Rb8 21. f3 Bg6 22. a4 Rb6 23. Bc8 Rxe1+ 24. Rxe1 c5 25. b5 Kf8 26. Bd7 Rd6 27. Bc6 d4 28. c4 Bc2 29. Re8+ Kg7 30. a5 d3 31. Be4 Bb1 32. b6 axb6 33. a6 d2 34. a7 d1=Q+ 35. Kh2 Bxe4 36. fxe4 Qh5+ 37. Kg1 Rd1+ 38. Kf2 Rd2+ 39. Ke3 Qg5+ 40. Kf3 Rd3+ 0-1

[Event "Niedersachsen-ch A 2024"]
[Site "Verden Aller"]
[Date "2024.01.06"]
[Round "6.28"]
[White "Schiller, Jan-Hendrik"]
[Black "Nuerenberg, Marius"]
[Result "1/2-1/2"]
[ECO "E17"]
[WhiteElo "1881"]
[BlackElo "1764"]
[Annotator "NA RC"]
[PlyCount "70"]
[EventDate "2024.01.01"]
[EventType "swiss"]
[EventCountry "GER"]
[SourceTitle "playchess.com"]
[Source "ChessBase"]
[SourceQuality "1"]
[TimeControl "40/5400+30:1800+30"]

1. Nf3 Nf6 2. g3 b6 3. Bg2 Bb7 4. O-O e6 5. c4 Be7 6. b3 O-O 7. Bb2 d5 8. cxd5 exd5 9. d4 Re8 10. Nc3 c5 11. Rc1 Nc6 12. Re1 cxd4 13. Nb5 Bb4 14. Rf1 a6 15. Nbxd4 Nxd4 16. Nxd4 Bc5 17. e3 a5 18. a4 Qd7 19. Qf3 Ne4 20. Rfd1 f6 21. h4 Qe7 22. Nf5 Qe6 23. Qg4 g6 24. Nh6+ Kg7 25. Qxe6 Rxe6 26. Ng4 Rf8 27. Bd4 Bxd4 28. Rxd4 f5 29. Nh2 Rc6 30. Rxc6 Bxc6 31. Nf3 Kf6 32. Rd1 Bb7 33. Rc1 Rc8 34. Rxc8 Bxc8 35. Nd4 Ke5 1/2-1/2

[Event "Niedersachsen-ch A 2024"]
[Site "Verden Aller"]
[Date "2024.01.06"]
[Round "6.29"]
[White "Zweigait, Leon"]
[Black "Aden, Keno"]
[Result "0-1"]
[ECO "D11"]
[WhiteElo "1526"]
[BlackElo "1832"]
[Annotator "NA"]
[PlyCount "94"]
[EventDate "2024.01.01"]
[EventType "swiss"]
[EventCountry "GER"]
[TimeControl "40/5400+30:1800+30"]

1. d4 d5 2. Nf3 Nf6 3. g3 Bf5 4. Bg2 e6 5. O-O Be7 6. c4 c6 7. Nbd2 Nbd7 8. Re1 h6 9. Ne5 O-O 10. Nxd7 Qxd7 11. c5 b6 12. b4 a5 13. a4 axb4 14. cxb6 Rfb8 15. a5 Rxb6 16. axb6 Rxa1 17. Nb3 Ra8 18. Nc5 Qd8 19. b7 Ra1 20. Qd2 Bxc5 21. dxc5 Qb8 22. Qxb4 Ra7 23. Bf4 Rxb7 24. Qd4 Rb1 25. Qc3 Rxe1+ 26. Qxe1 Qb5 27. Bd6 Nd7 28. e4 Bxe4 29. Bxe4 dxe4 30. Qxe4 Nxc5 31. Bxc5 Qxc5 32. Qa4 Qd5 33. Kf1 g6 34. Qa8+ Kg7 35. Ke2 c5 36. Qa5 Qd4 37. Qa2 c4 38. Qc2 e5 39. f3 h5 40. h4 Qg1 41. Qxc4 Qxg3 42. Qe4 Qf4 43. Qd5 Qd4 44. Qb5 Qxh4 45. Qxe5+ Qf6 46. Qc5 h4 47. Qc8 Qe6+ 0-1

[Event "Niedersachsen-ch A 2024"]
[Site "Verden Aller"]
[Date "2024.01.06"]
[Round "6.30"]
[White "Hoke, Adrian"]
[Black "Kozik, Andreas"]
[Result "1-0"]
[ECO "C04"]
[WhiteElo "1765"]
[BlackElo "1912"]
[Annotator "NA RC"]
[PlyCount "43"]
[EventDate "2024.01.01"]
[EventType "swiss"]
[EventCountry "GER"]
[SourceTitle "playchess.com"]
[Source "ChessBase"]
[SourceQuality "1"]
[TimeControl "40/5400+30:1800+30"]

1. e4 e6 2. d4 d5 3. Nd2 Nc6 4. c3 e5 5. exd5 Qxd5 6. Ngf3 exd4 7. Bc4 Qf5 8. O-O Bd6 9. Re1+ Nge7 10. Ne4 O-O 11. Nxd6 cxd6 12. Nxd4 Qc5 13. Bb3 Nxd4 14. cxd4 Qc7 15. Bg5 Ng6 16. Rc1 Qd7 17. h4 h6 18. h5 hxg5 19. hxg6 d5 20. Qf3 fxg6 21. Bxd5+ Kh7 22. Qxf8 1-0

[Event "Niedersachsen-ch A 2024"]
[Site "Verden Aller"]
[Date "2024.01.06"]
[Round "6.31"]
[White "Arndt, Felix"]
[Black "Gehrke, Mathias"]
[Result "1-0"]
[ECO "D53"]
[WhiteElo "1901"]
[BlackElo "1761"]
[Annotator "NA RC"]
[PlyCount "82"]
[EventDate "2024.01.01"]
[EventType "swiss"]
[EventCountry "GER"]
[SourceTitle "playchess.com"]
[Source "ChessBase"]
[SourceQuality "1"]
[TimeControl "40/5400+30:1800+30"]

1. d4 d5 2. c4 e6 3. Nf3 Nf6 4. Bg5 Be7 5. e3 Ne4 6. Bxe7 Qxe7 7. Qb3 c6 8. Bd3 f5 9. Nc3 Nd7 10. O-O Ndf6 11. Bxe4 Nxe4 12. Nxe4 fxe4 13. Ne5 O-O 14. a4 Qc7 15. Rac1 Qe7 16. f3 exf3 17. Rxf3 Rxf3 18. Nxf3 Rb8 19. Ne5 Bd7 20. cxd5 exd5 21. Rxc6 Bxc6 22. Nxc6 bxc6 23. Qxb8+ Kf7 24. Kf2 h6 25. a5 Qh4+ 26. Kf1 Qh5 27. Qxa7+ Kf6 28. Qa6 Qd1+ 29. Kf2 Qd2+ 30. Kf3 Qd1+ 31. Qe2 Qb1 32. Kf2 Ke7 33. h3 Kd6 34. Qd2 c5 35. dxc5+ Kc6 36. Qb4 Qc2+ 37. Kg3 Qe2 38. Qb6+ Kd7 39. c6+ Ke7 40. Qc5+ Kf6 41. c7 d4 1-0

[Event "Niedersachsen-ch A 2024"]
[Site "Verden Aller"]
[Date "2024.01.06"]
[Round "6.33"]
[White "Rausch, Darius"]
[Black "Behn, Cord"]
[Result "1-0"]
[ECO "B08"]
[WhiteElo "1742"]
[BlackElo "1837"]
[Annotator "NA RC"]
[PlyCount "55"]
[EventDate "2024.01.01"]
[EventType "swiss"]
[EventCountry "GER"]
[SourceTitle "playchess.com"]
[Source "ChessBase"]
[SourceQuality "1"]
[TimeControl "40/5400+30:1800+30"]

1. d4 Nf6 2. Bf4 d6 3. Nc3 g6 4. e4 Bg7 5. Qd2 c6 6. Nf3 b5 7. a3 a6 8. Bh6 Bxh6 9. Qxh6 Bb7 10. e5 dxe5 11. dxe5 Nd5 12. Qg7 Rf8 13. Ng5 Nxc3 14. Nxh7 Nd7 15. e6 fxe6 16. Nxf8 Nxf8 17. Qxc3 Qb6 18. Qe3 Qxe3+ 19. fxe3 c5 20. a4 b4 21. O-O-O Nh7 22. Bd3 Kf7 23. Rhf1+ Nf6 24. Rf2 g5 25. Bc4 a5 26. b3 Bc6 27. Rf5 Rg8 28. Rxc5 1-0